 Dungeon Crawl Stone Soup version 0.23.1-38-g628c18f423 (webtiles) character file.

Game seed: 9895754462087141842

18941 Oninnaise the Protected (level 12, -10/97 HPs)
             Began as a Demonspawn Fighter on Mar 29, 2019.
             Hit by a large rock thrown by a cyclops (23 damage)
             ... on level 12 of the Dungeon.
             The game lasted 00:39:37 (14845 turns).

Oninnaise the Protected (Demonspawn Fighter)       Turns: 14845, Time: 00:39:38

Health: -10/97     AC: 23    Str: 19    XL:     12   Next: 32%
Magic:  12/12      EV: 12    Int:  9    God:
Gold:   695        SH: 11    Dex: 14    Spells: 11/11 levels left

rFire    . . .     SeeInvis +   g - +5 whip (drain)
rCold    + . .     Gourm    .   c - +0 shield
rNeg     . . .     Faith    .   j - +4 chain mail {rC+}
rPois    .         Spirit   .   D - +2 helmet {SInv}
rElec    .         Reflect  .   t - +0 cloak
rCorr    +         Harm     .   (no gloves)
MR       +....                  (no boots)
Stlth    +.........             (no amulet)
HPRegen  0.26/turn              b - +4 ring of evasion
MPRegen  0.13/turn              o - ring of resist corrosion

@: no status effects
A: claws 1, hooves 1, icy blue scales 2, magic resistance 1, nightstalker 2,
weak 1, rot immunity, subdued magic 1
a: no special abilities


You were on level 12 of the Dungeon.
You were not hungry.

You visited 1 branch of the dungeon, and saw 12 of its levels.
You also visited: Sewer.

You collected 845 gold pieces.
You spent 150 gold pieces at shops.

Inventory:

Hand Weapons
 g - a +5 whip of draining (weapon)
Armour
 c - a +0 shield (worn)
 j - a +4 chain mail of cold resistance (worn)
 t - a +0 cloak (worn)
 D - a +2 helmet of see invisible (worn)
Jewellery
 b - a +4 ring of evasion (left claw)
 k - an uncursed ring of see invisible
 o - a ring of resist corrosion (right claw)
 x - an uncursed ring of flight
 C - the ring "Dulofy" {rC+ EV+2 Slay+2, unknown}
   (You found it on level 11 of the Dungeon)

   [ring of evasion]

   It affects your evasion (+2).
   It affects your accuracy and damage with ranged weapons and melee attacks
   (+2).
   It protects you from cold.
 E - an uncursed amulet of harm {unknown}
Wands
 a - a wand of digging (5)
 m - a wand of acid (12)
 r - a wand of enslavement (6)
 s - a wand of flame (43)
 y - a wand of paralysis (22)
 z - a wand of disintegration (10)
Scrolls
 e - 6 scrolls of teleportation
 h - 4 scrolls of amnesia
 l - 6 scrolls of magic mapping
 u - 7 scrolls of remove curse
 v - a scroll of fear
 w - a scroll of immolation
Potions
 d - a potion of ambrosia
 n - 2 potions of agility
 q - 5 potions of brilliance
 B - a potion of flight
Comestibles
 f - 6 rations


   Skills:
 * Level 9.9 Fighting
 + Level 9.8 Maces & Flails
 * Level 10.8 Armour
 + Level 3.6 Dodging
 + Level 2.5 Stealth
 + Level 8.5 Shields


You had 11 spell levels left.
You didn't know any spells.
Your spell library contained the following spells:

 Spells                   Type           Power        Failure   Level  Hunger
 Corona                   Hex            #......      100%        1    ##.....
 Magic Dart               Conj           #...         100%        1    ##.....
 Ensorcelled Hibernation  Hex/Ice        #.....       100%        2    ###....
 Passwall                 Tmut/Erth      #.......     100%        2    ###....
 Searing Ray              Conj           #.....       100%        2    ###....
 Swiftness                Chrm/Air       #.......     100%        2    ###....
 Confuse                  Hex            #.......     100%        3    ####...
 Dazzling Spray           Conj/Hex       #.....       100%        3    ####...
 Recall                   Summ/Tloc      N/A          100%        3    ####...
 Tukima's Dance           Hex            #.......     100%        3    ####...
 Animate Dead             Necr           N/A          100%        4    #####..
 Force Lance              Conj/Tloc      #.......     100%        4    #####..
 Fulminant Prism          Conj/Hex       #.........   100%        4    #####..
 Iskenderun's Mystic Bla  Conj           #.......     100%        4    #####..
 Passage of Golubria      Tloc           N/A          100%        4    #####..
 Borgnjor's Vile Clutch   Necr/Erth      #.........   100%        5    ######.
 Lee's Rapid Deconstruct  Erth           #.........   100%        5    ######.
 Darkness                 Hex            #.........   100%        6    #######
 Death Channel            Necr           #.........   100%        6    #######
 Invisibility             Hex            #.......     100%        6    #######
 Simulacrum               Ice/Necr       #.........   100%        6    #######


Dungeon Overview and Level Annotations

Branches:
Dungeon (12/15)            Temple (0/1) D:5            Lair (0/6) D:9
    Orc (0/2) D:9

Altars:
Elyvilon
Fedhas
Gozag
Hepliaklqana
Nemelex Xobeh
Qazlal
Sif Muna
Vehumet
Wu Jian

Shops:
D:5 (   D:11 *

Annotations:
D:12 Sonja


Innate Abilities, Weirdness & Mutations

You have sharp fingernails.
You are mostly covered in icy blue scales. (AC +3)
You are significantly more attuned to the shadows.
You are immune to rotting.
You have large cloven feet.
You are resistant to hostile enchantments. (MR+)
You are weak. (Str -2)
Your spells are a little easier to cast, but a little less powerful.


Message History

You block the cyclops's attack. The tarantella bites you!
* * * LOW HITPOINT WARNING * * *
You barely miss the tarantella. You kick the tarantella.
The tarantella is lightly wounded.
The cyclops throws a large rock.
The large rock hits you!
* * * LOW HITPOINT WARNING * * *
The tarantella bites you!
* * * LOW HITPOINT WARNING * * *
You are confused.
The death drake falls off the wall.
The tarantella changes into a death drake!
The cyclops throws a large rock.
The large rock hits you but does no damage.
You see here a large rock.
You're too confused!
You feel better.
The death drake bites you but does no damage.
The cyclops throws a large rock.
The large rock hits you!!
You die...

...... #### ##....# ... ....
#.....# #.# #### ....
##.....## ##.## #...
#.....####.......## ... ####
.......##.........## #[# #.
.................(k###)###..
.##
..........)......(.†........
....
................@..C........
....
.....†.....................$
....
..##...†....................
....
###......................
.... ##.....>...............
... ##................
#...... ....


You could see a death drake shaped shifter and a cyclops.

Vanquished Creatures
  Gastronok (D:11)
  A catoblepas (D:12)
  4 two-headed ogres
  An unseen horror (D:11)
  Pikel (D:4)
  2 deep elf magi
  A cyclops (shapeshifter) (D:12)
  A manticore (D:12)
  2 ugly things (D:11)
  2 centaur skeletons (D:10)
  2 trolls (D:12)
  A hornet (D:7)
  3 hippogriffs
  18 yaks
  3 wyverns
  Eustachio (D:5)
  Menkaure (D:6)
  2 vampire mosquitoes (D:12)
  A warg (D:9)
  A soldier ant (D:11)
  2 water moccasins
  5 orc warriors
  2 ice beasts (D:8)
  4 slaves (D:4)
  4 phantoms
  A sky beast (D:12)
  7 ogres
  8 centaurs
  4 big kobolds
  6 bullfrogs
  6 scorpions
  4 wights (D:9)
  6 howler monkeys
  3 crimson imps
  A quasit (D:10)
  6 hounds
  2 jellies
  7 orc priests
  A bullfrog skeleton (D:5)
  Crazy Yiuf (D:4)
  An iguana (D:11)
  Natasha (thrice) (D:2)
  13 orc wizards
  9 worker ants
  2 gnolls (D:1)
  12 adders
  7 river rats (Sewer)
  A shadow imp (D:11)
  3 oozes
  An adder skeleton (D:10)
  2 adder zombies
  6 worms
  6 leopard geckos
  49 orcs
  8 ball pythons
  7 giant cockroaches
  7 goblins
  10 hobgoblins
  9 jackals
  8 quokkas
  9 bats
  4 frilled lizards
  25 kobolds
  A leopard gecko skeleton (D:5)
  A quokka skeleton (D:4)
  22 rats
355 creatures vanquished.

Notes
Turn   | Place    | Note
-------+----------+-------------------------------------------
     0 | D:1      | Oninnaise the Demonspawn Fighter began the quest for the
                  | Orb.
     0 | D:1      | Reached XP level 1. HP: 18/18 MP: 1/1
   212 | D:1      | Gained mutation: You are partially covered in icy blue
                  | scales. (AC +2) [demonic ancestry]
   212 | D:1      | Reached XP level 2. HP: 24/24 MP: 2/2
   256 | D:1      | Reached skill level 3 in Armour
   893 | D:1      | Gained mutation: You are mostly covered in icy blue scales.
                  | (AC +3) [demonic ancestry]
   893 | D:1      | Reached XP level 3. HP: 17/29 MP: 3/3
  2028 | D:2      | Found a stormy altar of Qazlal.
  2035 | D:2      | Reached XP level 4. HP: 35/35 MP: 4/4
  2037 | D:2      | Found a blossoming altar of Fedhas.
  2448 | D:2      | Noticed Natasha
  2457 | D:2      | Killed Natasha
  2636 | D:2      | Noticed Natasha
  2654 | D:2      | Killed Natasha
  2654 | D:2      | Reached skill level 4 in Armour
  2654 | D:2      | Reached XP level 5. HP: 12/42 MP: 5/5
  2837 | D:2      | Noticed Natasha
  2861 | D:2      | Killed Natasha
  3478 | D:4      | Gained mutation: You are slightly more attuned to the
                  | shadows. [demonic ancestry]
  3478 | D:4      | Reached XP level 6. HP: 32/48 MP: 6/6
  3683 | D:4      | Found an opulent altar of Gozag.
  3712 | D:4      | Found a runed translucent door.
  3838 | D:4      | Noticed a slave
  3839 | D:4      | Noticed a slave
  3855 | D:4      | Reached skill level 5 in Armour
  3855 | D:4      | Gained mutation: You are significantly more attuned to the
                  | shadows. [demonic ancestry]
  3855 | D:4      | Reached XP level 7. HP: 54/54 MP: 7/7
  3925 | D:4      | Found a glowing drain.
  3929 | Sewer    | Entered a sewer
  4106 | Sewer    | Reached skill level 1 in Dodging
  4686 | D:4      | Noticed Pikel
  4706 | D:4      | Killed Pikel
  4706 | D:4      | Reached skill level 5 in Fighting
  4706 | D:4      | Reached XP level 8. HP: 41/62 MP: 8/8
  4821 | D:4      | Noticed Crazy Yiuf
  4866 | D:4      | Found a sparkling altar of Nemelex Xobeh.
  5103 | D:4      | Paralysed by Crazy Yiuf for 3 turns
  5108 | D:4      | Killed Crazy Yiuf
  5176 | D:5      | Entered Level 5 of the Dungeon
  5440 | D:5      | Reached skill level 5 in Maces & Flails
  5595 | D:5      | Reached skill level 6 in Armour
  5963 | D:5      | Noticed Eustachio
  5984 | D:5      | Killed Eustachio
  5996 | D:5      | Found a staircase to the Ecumenical Temple.
  6045 | D:5      | Found an ornate altar of the Wu Jian Council.
  6105 | D:5      | Reached skill level 5 in Shields
  6149 | D:5      | Found Kuag's Antique Weapon Shoppe.
  6311 | D:6      | Gained mutation: You are immune to rotting. [demonic
                  | ancestry]
  6311 | D:6      | Reached XP level 9. HP: 67/69 MP: 9/9
  6365 | D:6      | Found a deep blue altar of Sif Muna.
  6395 | D:6      | Noticed Menkaure
  6405 | D:6      | Killed Menkaure
  6405 | D:6      | Reached skill level 7 in Armour
  7295 | D:7      | Found a radiant altar of Vehumet.
  8749 | D:8      | Reached skill level 8 in Armour
  9169 | D:8      | Reached XP level 10. HP: 78/79 MP: 10/10
  9180 | D:8      | Reached skill level 1 in Stealth
 10207 | D:9      | Found a white marble altar of Elyvilon.
 10212 | D:9      | Found a hazy altar of Hepliaklqana.
 10227 | D:9      | Gained mutation: You are clumsy. (Dex -2) [potion of
                  | mutation]
 10227 | D:9      | Gained mutation: You are resistant to hostile enchantments.
                  | (MR+) [potion of mutation]
 10227 | D:9      | Gained mutation: You are weak. (Str -2) [potion of
                  | mutation]
 10227 | D:9      | Gained mutation: You have large cloven feet. [potion of
                  | mutation]
 10577 | D:9      | Found a staircase to the Lair.
 10719 | D:9      | Found a staircase to the Orcish Mines.
 11215 | D:10     | Entered Level 10 of the Dungeon
 11224 | D:10     | Noticed a two-headed ogre
 11234 | D:10     | Killed a two-headed ogre
 11235 | D:10     | Noticed a two-headed ogre
 11246 | D:10     | Killed a two-headed ogre
 11495 | D:10     | Reached skill level 9 in Armour
 11838 | D:10     | Gained mutation: You have sharp fingernails. [demonic
                  | ancestry]
 11838 | D:10     | Reached XP level 11. HP: 70/86 MP: 11/11
 12882 | D:11     | Noticed Gastronok
 12917 | D:11     | Killed Gastronok
 12917 | D:11     | Reached skill level 10 in Armour
 13461 | D:11     | Found Ruragra's Assorted Antiques.
 13466 | D:11     | Got a sparkling wooden ring
 13470 | D:11     | Bought a runed helmet for 150 gold pieces
 13605 | D:11     | Noticed a deep elf mage
 13605 | D:11     | Noticed a two-headed ogre
 13614 | D:11     | Noticed a red ugly thing
 13615 | D:11     | Noticed a purple ugly thing
 13628 | D:11     | Killed a purple ugly thing
 13641 | D:11     | Noticed a sixfirhy
 13664 | D:11     | Killed a purple ugly thing
 13939 | D:11     | Killed a two-headed ogre
 13964 | D:11     | Killed a deep elf mage
 14052 | D:11     | Noticed an unseen horror
 14067 | D:11     | Killed an unseen horror
 14067 | D:11     | Reached XP level 12. HP: 73/96 MP: 12/12
 14378 | D:12     | Noticed Sonja
 14716 | D:12     | Lost mutation: You have large cloven feet. [potion of
                  | mutation]
 14716 | D:12     | Lost mutation: You are clumsy. (Dex -2) [potion of
                  | mutation]
 14716 | D:12     | Lost mutation: You are resistant to hostile enchantments.
                  | (MR+) [potion of mutation]
 14716 | D:12     | Gained mutation: You are resistant to hostile enchantments.
                  | (MR+) [potion of mutation]
 14716 | D:12     | Gained mutation: Your spells are a little easier to cast,
                  | but a little less powerful. [potion of mutation]
 14716 | D:12     | Gained mutation: You have large cloven feet. [potion of
                  | mutation]
 14724 | D:12     | Noticed a two-headed ogre
 14737 | D:12     | Killed a two-headed ogre
 14742 | D:12     | Noticed a catoblepas
 14838 | D:12     | Killed a catoblepas
 14842 | D:12     | HP: 1/97 [tarantella (shapeshifter) (11)]
 14845 | D:12     | Hit by a large rock thrown by a cyclops

Skill      XL: |  1  2  3  4  5  6  7  8  9 10 11 12 |
---------------+-------------------------------------+-----
Armour         | 3 4 5 6 8 9 10 | 10.8
Shields        | 3 4 5 6 7 8 |  8.5
Maces & Flails | 2 3 4 5 6 8 9 |  9.8
Fighting       | 4 5 7 8 9 |  9.9
Dodging        | 1 2 3 |  3.6
Stealth        | 1 2 |  2.5

Action                   |  1- 3 |  4- 6 |  7- 9 | 10-12 || total
-------------------------+-------+-------+-------+-------++-------
Melee: Flail             |    45 |       |       |       ||    45
       Whip              |    63 |   205 |   527 |   854 ||  1649
       Kick              |       |       |       |   278 ||   278
  Use: Scroll            |     3 |     9 |     7 |     7 ||    26
       Potion            |     3 |     3 |     6 |    18 ||    30
 Stab: Petrified         |       |       |       |    16 ||    16
       Invisible         |       |       |       |     3 ||     3
  Eat: Ration            |     1 |     2 |     5 |     6 ||    14
Armor: Scale mail        |    76 |     9 |       |       ||    85
       Chain mail        |       |    93 |   253 |   306 ||   652
Dodge: Dodged            |    32 |    32 |   116 |   263 ||   443
Block: Shield            |    72 |    83 |   272 |   371 ||   798
